 Dungeon Crawl Stone Soup version 0.31-a0-219-g8d62b2e7bb (webtiles) character file.

Game seed: 8241864135828706264

1602573 PaperRat the Rhythm of Life and Death (level 25, 205/205 HPs)
             Began as a Demonspawn Artificer on July 3, 2023.
             Was a Follower of Uskayaw.
             Escaped with the Orb
             ... and 3 runes on July 4, 2023!
             The game lasted 06:18:29 (72344 turns).

PaperRat the Rhythm of Life and Death (DsAr)       Turns: 72344, Time: 06:18:29

Health: 205/205    AC: 17    Str: 17    XL:     25   Next: 46%
Magic:  48/49      EV: 26    Int: 25    God:    Uskayaw [*.....]
Gold:   398        SH:  0    Dex: 26    Spells: 2/46 levels left

rFire   + + .        q - +7 quick blade (elec)
rCold   + + .        (no shield)
rNeg    . . .        Y - +2 ring mail of Alaczarae {rPois rC+ Str+3 Dex+2}
rPois   +            h - +1 helmet "Ischeff" {rF+ rCorr Int+2}
rElec   +            y - +2 cloak {rPois}
rCorr   +            (gloves unavailable)
SInv    +            l - +2 pair of boots
Will    ++++.        R - amulet of regeneration
Stlth   ++           s - ring of the Blind Eye {Contam Fly rElec Will++ SInv, =R}
HPRegen 1.34/turn    r - ring "Udghip Zeovu" {rPois rF+ MP+9 Int+4 Dex+6}
MPRegen 0.31/turn

%: no passive effects
@: flying, studying Evocations
A: hurl damnation, ignite blood 3, torment resistance 1, sturdy frame 3, demonic
magic 2, demonic willpower, demonic touch 3, cold resistance 1, subdued magic 1
0: Orb of Zot
}: 3/15 runes: barnacled, slimy, gossamer
a: Hurl Damnation, Renounce Religion, Stomp


You escaped.
You worshipped Uskayaw.
Uskayaw was exalted by your worship.
You visited 11 branches of the dungeon, and saw 52 of its levels.
You visited 1 bazaar.
You also visited: Bailey, Volcano and Wizlab.

You collected 8265 gold pieces.
You spent 7867 gold pieces at shops.

Inventory:

Hand Weapons
 a - a +7 dagger of protection
 q - a +7 quick blade of electrocution (weapon)
 w - a +7 short sword of speed
Missiles
 f - 34 poisoned darts (quivered)
 F - 4 curare-tipped darts
 S - 6 throwing nets {!f}
Armour
 h - the +1 helmet "Ischeff" (worn) {rF+ rCorr Int+2}
   (You found it on level 2 of the Vaults)

   Int:       It affects your intelligence (+2).
   rF:        It protects you from fire.
   rCorr:     It protects you from acid and corrosion.
 l - a +2 pair of boots (worn)
 y - a +2 cloak of poison resistance (worn)
 J - a scarf of repulsion
 Y - the +2 ring mail of Alaczarae (worn) {rPois rC+ Str+3 Dex+2}
   (You bought it in a shop on level 2 of the Orcish Mines)

   Str:       It affects your strength (+3).
   Dex:       It affects your dexterity (+2).
   rC:        It protects you from cold.
   rPois:     It protects you from poison.
Jewellery
 r - the ring "Udghip Zeovu" (right hand) {rPois rF+ MP+9 Int+4 Dex+6}
   (You bought it in a shop in a bazaar)

   [ring of dexterity]

   Int:       It affects your intelligence (+4).
   Dex:       It affects your dexterity (+6).
   rF:        It protects you from fire.
   rPois:     It protects you from poison.
   MP:        It affects your magic capacity (+9).
 s - the ring of the Blind Eye (left hand) {Contam Fly rElec Will++ SInv, =R}
   (You took it off a spriggan air mage in a wizard's laboratory)

   [ring of flight]

   rElec:     It insulates you from electricity.
   SInv:      It lets you see invisible.
   Fly:       It grants you flight.
   Contam:    It causes magical contamination when unequipped.
   Will:      It greatly increases your willpower.
 L - a ring of positive energy
 R - an amulet of regeneration (around neck)
Wands
 b - a wand of roots (36)
 c - a wand of acid (13)
 d - a wand of digging (16)
 m - a wand of polymorph (30)
 n - a wand of charming (23)
Scrolls
 e - 17 scrolls of teleportation {@r3}
 g - 7 scrolls of fog {@r2}
 o - 3 scrolls of immolation
 p - 2 scrolls of blinking {@r5}
 u - 3 scrolls of vulnerability
 v - 3 scrolls of poison
 x - 5 scrolls of silence
 E - 4 scrolls of fear {@r4}
 G - 2 scrolls of butterflies {@r6}
 P - 11 scrolls of amnesia
Potions
 i - 8 potions of might {@q3}
 j - 13 potions of curing {@q1}
 k - 11 potions of brilliance {@q5}
 t - 7 potions of heal wounds {@q2}
 A - 4 potions of ambrosia
 B - 6 potions of mutation {@q7}
 C - 5 potions of enlightenment {@q6}
 M - a potion of lignification
 N - 6 potions of cancellation
 O - 3 potions of magic
 Q - 4 potions of haste {@q4}
 T - 10 potions of resistance
 U - 2 potions of invisibility
Miscellaneous
 V - a lightning rod (4/4)
 X - a sack of spiders
 Z - a phial of floods


   Skills:
 + Level 18.5 Fighting
 - Level 13.8(14.0) Short Blades
 - Level 2.6(9.3) Long Blades
 - Level 2.0 Throwing
 - Level 6.3 Armour
 + Level 14.5 Dodging
 + Level 11.0 Stealth
 - Level 11.0 Spellcasting
 - Level 8.0 Conjurations
 - Level 21.0 Hexes
 - Level 10.0 Summonings
 - Level 4.0 Translocations
 - Level 10.0 Transmutations
 - Level 2.0 Fire Magic
 - Level 4.0 Poison Magic
 O Level 27 Invocations
 - Level 16.0 Evocations


You had 2 spell levels left.
You knew the following spells:

 Your Spells              Type           Power      Damage    Failure   Level
a - Enfeeble              Hex            37%        N/A       1%          7
b - Confusing Touch       Hex            74%        N/A       0%          3
c - Yara's Violent Unrav  Hex/Tmut       31%        3d13      1%          5
d - Dazzling Flash        Conj/Hex       100%       N/A       0%          3
g - Passwall              Tmut/Erth      24%        N/A       1%          2
i - Ignite Poison         Fire/Tmut/Pois 31%        N/A       1%          3
q - Irradiate             Conj/Tmut      22%        3d19      2%          5
s - Discord               Hex            37%        N/A       4%          8
t - Blink                 Tloc           50%        N/A       1%          2
x - Summon Mana Viper     Hex/Summ       63%        N/A       1%          5
z - Apportation           Tloc           50%        N/A       1%          1

Your spell library contained the following spells:

 Spells                   Type           Power      Damage    Failure   Level
 Slow                     Hex            100%       N/A       0%          1
 Kiss of Death            Conj/Necr      100%       2d13      1%          1
 Magic Dart               Conj           100%       1d8       1%          1
 Shock                    Conj/Air       100%       1d9       1%          1
 Sting                    Tmut/Pois      100%       1d8       1%          1
 Summon Small Mammal      Summ           100%       N/A       1%          1
 Call Imp                 Summ           98%        N/A       1%          2
 Ensorcelled Hibernation  Hex/Ice        100%       N/A       1%          2
 Momentum Strike          Conj/Tloc      66%        3d9       1%          2
 Searing Ray              Conj           82%        2d7       1%          2
 Static Discharge         Conj/Air       50%        2-5/arc   1%          2
 Poisonous Vapours        Pois/Air       36%        N/A       2%          2
 Freeze                   Ice            40%        1d6       3%          1
 Necrotise                Necr           40%        1d6       3%          1
 Cigotuvi's Dreadful Rot  Necr/Pois/Air  30%        N/A       3%          2
 Sublimation of Blood     Necr           10%        N/A       5%          2
 Summon Guardian Golem    Hex/Summ       63%        N/A       0%          3
 Tukima's Dance           Hex            74%        N/A       0%          3
 Call Canine Familiar     Summ           49%        N/A       1%          3
 Gell's Gravitas          Tloc           25%        N/A       1%          3
 Hailstorm                Conj/Ice       25%        3d7       1%          3
 Inner Flame              Hex/Fire       53%        N/A       1%          3
 Mephitic Cloud           Conj/Pois/Air  25%        N/A       1%          3
 Portal Projectile        Hex/Tloc       100%       N/A       1%          3
 Spider Form              Tmut/Pois      37%        N/A       1%          3
 Teleport Other           Tloc           25%        N/A       1%          3
 Anguish                  Hex/Necr       25%        N/A       1%          4
 Blade Hands              Tmut           24%        N/A       1%          5
 Silence                  Hex/Air        25%        N/A       1%          5
 Volatile Blastmotes      Fire/Tloc      44%        2d13      2%          3
 Iskenderun's Mystic Bla  Conj/Tloc      33%        2d8       2%          4
 Animate Armour           Summ/Erth      58%        N/A       4%          4
 Petrify                  Tmut/Erth      29%        N/A       4%          4
 Sticky Flame             Conj/Fire      29%        2d5       4%          4
 Summon Lightning Spire   Summ/Air       29%        N/A       4%          4
 Alistair's Intoxication  Tmut/Pois      24%        N/A       5%          5
 Summon Forest            Summ/Tloc      18%        N/A       5%          5
 Olgreb's Toxic Radiance  Pois           25%        N/A       7%          4
 Passage of Golubria      Tloc           25%        N/A       7%          4
 Frozen Ramparts          Ice            20%        1d4       11%         3
 Ozocubu's Armour         Ice            10%        N/A       11%         3
 Swiftness                Air            10%        N/A       11%         3
 Eringya's Noxious Bog    Tmut/Pois      18%        N/A       32%         6
 Freezing Cloud           Conj/Ice/Air   10%        6-21      34%         5
 Airstrike                Air            5%         2d(1-17)  36%         4
 Animate Dead             Necr           10%        N/A       36%         4
 Dispel Undead            Necr           10%        3d9       36%         4
 Dragon Form              Tmut           24%        N/A       47%         7
 Summon Hydra             Summ           24%        N/A       47%         7
 Starburst                Conj/Fire      14%        6d6       61%         6
 Spellforged Servitor     Conj/Summ      22%        N/A       63%         7
 Agony                    Necr           10%        N/A       73%         5
 Borgnjor's Vile Clutch   Necr/Erth      5%         N/A       73%         5
 Conjure Ball Lightning   Conj/Air       12%        3x3d6     75%         6
 Dispersal                Tloc           12%        N/A       75%         6
 Orb of Destruction       Conj           20%        9d8       77%         7
 Malign Gateway           Summ/Tloc      18%        N/A       89%         7
 Death Channel            Necr           5%         N/A       99%         6
 Storm Form               Tmut/Air       14%        N/A       99%         7
 Summon Horrible Things   Summ           24%        N/A       99%         8
 Ozocubu's Refrigeration  Ice            5%         4d8       100%        7
 Disjunction              Tloc           12%        N/A       100%        8
 Ignition                 Fire           9%         3d5       100%        8
 Lehudib's Crystal Spear  Conj/Erth      12%        10d4      100%        8
 Maxwell's Capacitive Co  Air            5%         ∞         100%        8


Dungeon Overview and Level Annotations

Branches:
Dungeon (15/15)            Temple (1/1) D:4            Lair (5/5) D:9
 Shoals (4/4) Lair:3       Spider (4/4) Lair:2        Slime (5/5) Lair:5
    Orc (2/2) D:11            Elf (3/3) Orc:2        Vaults (4/5) D:13
  Crypt (0/3) Vaults:3     Depths (4/4) D:15            Zot (5/5) Depths:4
 Bailey (visited)         Volcano (visited)          WizLab (visited)

Altars:
Ashenzari
Cheibriados
Dithmenos
Fedhas
Gozag
Hepliaklqana
Kikubaaqudgha
Makhleb
Nemelex Xobeh
Okawaru
Qazlal
Ru
Sif Muna
Trog
Uskayaw
Wu Jian
Xom
Yredelemnul

Shops:
D:1 (   D:5 ?   D:7 :[*   D:10 (   D:11 [   Orc:1 *!   Orc:2 !:**   Vaults:1 !
Vaults:4 *   Depths:3 *(:

Portals:
Hell: Depths:1 Depths:2 Depths:3 Depths:4
Abyss: Depths:1 Depths:2 Depths:3
Pandemonium: Depths:2
Ziggurat: Depths:3

Annotations:
Elf:2 3 runed translucent doors
Depths:3 3 transporters


Innate Abilities, Weirdness & Mutations

You can hurl damnation.
Your demonic aura causes all spilled blood to erupt in flames.
You are resistant to unholy torment.
Your movements are significantly less encumbered by armour. (ER -6)
Spells you cast may paralyse nearby enemies.
You punish those that try to bend your will. (Will+)
Your touch may irresistibly damage your foes and sap their willpower.
Your flesh is cold resistant. (rC+)
Your spells are a little easier to cast, but a little less powerful.


Message History

Aiming: Passwall (safe; 1% risk of failure)
Press: ? - help, Dir - move target A rock wall.
This square is covered in magical glow.
Malevolent energies surge around you.
You begin to meditate on the wall.
You continue meditating on the rock. x3
You can no longer pass through a line of other dancers.
You finish merging with the rock.
There is an escape hatch in the ceiling here.
You are confused.
You feel invigorated.
You feel better.
You feel less invigorated. A mysterious force pulls you upwards.
The hatch slams shut behind you.
Casting: Passwall (safe; 1% risk of failure)
Confirm with . or Enter, or press ? or * to list all spells.
Aiming: Passwall (safe; 1% risk of failure)
Press: ? - help, Dir - move target A rock wall.
This square is covered in magical glow.
Okay, then.
Aiming: Dig
Press: ? - help, Shift-Dir - straight line A rock wall.
This square is covered in magical glow.
The rock shatters into small pieces.
There is a stone staircase leading up here.
You fly upwards.
There is a stone staircase leading down here.
There is an entrance to Cualau's Weapon Emporium here.
Your magical contamination has completely faded away.
Casting: Passwall (safe; 1% risk of failure)
Confirm with . or Enter, or press ? or * to list all spells.
Aiming: Passwall (safe; 1% risk of failure)
Press: ? - help, Dir - move target A rock wall.
This square is covered in magical glow.
Malevolent energies surge around you.
You begin to meditate on the wall.
You continue meditating on the rock. x2
You finish merging with the rock.
You have escaped!

#~~~~~~~~~.....~~~~~~~~~#...#
#####~~~~~~~~~~~.~~~~~~~~~~~#...#
....#~P♣♣P..♣.P~.~...PP.P♣P~#...#
....#~♣P♣PP♣♣♣.~.~.♣♣.P.P♣♣~#...#
....#~~~~~~~~~~~.~~~~~~~~~~~#..>#
....############'############...#
.......# ##.##.....# #.....#
.......###..##.....# ##..###
...........###..@..# #..##.
...........†.######## ##.##..
#######..####..##...## ###..##.#
##..##...###.#..# ##.......#
##...##.#####.#..###.....####
##..#....# ##..#.....).#..#
#..##...####..##....##.#.###
##.###.#.............∩......##
#..# #.######.#####..........##


There were no monsters in sight!

Vanquished Creatures
  Dissolution (Slime:1)
  3 dread liches
  4 orbs of fire
  3 ancient liches (Zot:5)
  A juggernaut (Depths:4)
  Boris (Vaults:4)
  Josephina (Depths:4)
  A shard shrike (Depths:2)
  Vv (Zot:1)
  4 Killer Klowns (Zot:5)
  Frederick (Vaults:2)
  Margery (Vaults:2)
  2 curse toes
  Jory (Vaults:2)
  7 golden dragons
  3 electric golems
  11 tentacled monstrosities
  A Tzitzimitl (Zot:3)
  A Cloud Mage (WizLab)
  24 Orb Guardians
  A walking earthen tome (Depths:3)
  A Hell Sentinel (D:4)
  4 quicksilver dragons
  2 deep elf blademasters (Elf:3)
  An Executioner (D:14)
  2 deep elf master archers (Elf:3)
  7 acid blobs
  2 sphinxes (Vaults:2)
  5 death cobs
  5 shadow dragons
  18 storm dragons
  3 azure jellies
  4 tengu reavers
  A draconian monk (Zot:1)
  3 rockslimes
  4 draconian knights
  3 fire giants
  Louise (Depths:2)
  3 frost giants
  13 vault wardens
  7 emperor scorpions
  8 deep elf sorcerers (Elf:3)
  5 ghost moths
  2 draconian stormcallers
  3 draconian shifters
  A broodmother (Spider:3)
  15 ironbound preservers
  A juggernaut skeleton (Depths:1)
  A curse skull (Zot:1)
  3 draconian annihilators
  5 orc warlords
  4 quicksilver oozes
  5 formless jellyfish
  7 deep elf elementalists (Elf:3)
  4 very ugly things
  3 war gargoyles (Vaults:3)
  2 green draconians
  10 ironbound thunderhulks
  5 stone giants
  7 deep elf demonologists
  5 black draconians
  A bunyip (Shoals:1)
  3 yellow draconians
  4 deep elf annihilators (Elf:3)
  A vampire knight (Depths:3)
  4 spark wasps
  4 purple draconians
  19 dire elephants
  4 deep elf death magi
  4 white draconians
  5 fire dragons
  4 red draconians
  3 crystal guardians
  5 merfolk javelineers (Shoals:4)
  4 blizzard demons (WizLab)
  2 quicksilver dragon zombies (Depths:3)
  Snorg (D:13)
  5 merfolk impalers (Shoals:4)
  2 entropy weavers
  Harold (D:10)
  2 ettins
  11 great orbs of eyes
  11 yaktaur captains
  4 deep elf high priests
  A spriggan zombie (Depths:3)
  A hell beast (D:9)
  A quicksilver dragon skeleton (Depths:3)
  6 hydras
  Fannar (Lair:3)
  4 ice dragons
  2 merfolk avatars
  13 vault guards
  2 peacekeepers
  2 catoblepae
  A ghost crab (WizLab)
  A jorogumo (Spider:4)
  3 spriggan air magi
  The ghost of kaychamo the Fighter, a novice OgFi of Hepliaklqana (Lair:1)
  3 radroaches
  2 merfolk aquamancers
  Erica (D:8)
  12 centaur warriors
  2 alligator snapping turtles (Shoals:4)
  8 ironbound frosthearts
  5 two-headed ogres
  7 boulder beetles
  A deep troll shaman (Depths:4)
  A satyr (Shoals:2)
  14 death yaks
  14 dancing weapons
  2 deep troll earth magi
  8 tengu warriors
  Urug (Orc:1)
  An orc high priest (Elf:2)
  4 spriggan berserkers
  6 demonic crawlers
  2 vampire magi
  7 hell knights
  4 shock serpents (WizLab)
  A sun demon (Depths:3)
  9 deep elf knights
  A salamander mystic (Volcano)
  A sixfirhy (D:14)
  4 death drakes (WizLab)
  A sun moth (Spider:3)
  A skeletal warrior (D:15)
  6 skysharks
  10 pharaoh ants
  4 glowing orange brains
  41 deep trolls
  6 iron trolls
  11 sea snakes
  A shadow demon (D:11)
  4 orb spiders
  18 ironbound convokers
  12 orc knights
  7 necromancers
  An obsidian statue (Zot:1)
  5 wizards
  41 harpies
  18 wolf spiders
  A golden dragon skeleton (Depths:1)
  A steelbarb worm (shapeshifter) (Depths:4)
  10 deep elf archers
  A stone giant zombie (D:15)
  16 deep elf zephyrmancers
  15 lindwurms
  6 steelbarb worms
  An iron dragon zombie (Depths:3)
  28 deep elf pyromancers
  7 oklob plants
  16 fauns
  10 manticores
  24 moths of wrath
  12 ugly things
  10 merfolk sirens
  10 cyclopes
  18 elephants
  A frost giant skeleton (D:15)
  5 salamanders (Volcano)
  A shadow dragon skeleton (Depths:3)
  16 vault sentinels
  4 apocalypse crabs (WizLab)
  10 water nymphs
  4 torpor snails
  2 black mambas
  Joseph (D:9)
  An eye of devastation (Slime:5)
  A smoke demon (D:13)
  4 gargoyles
  17 cane toads
  7 komodo dragons
  3 rime drakes
  An efreet (D:14)
  33 yaktaurs
  A spriggan skeleton (D:15)
  3 tengu conjurers
  A hellwing (Depths:2)
  3 meliai
  2 polar bears
  13 merfolk
  A tengu simulacrum (Depths:2)
  8 trolls
  A tyrant leech (Lair:5)
  12 wind drakes
  Prince Ribbit (Bailey)
  6 hornets
  19 tarantellas
  3 dream sheep (Shoals:2)
  12 blink frogs
  5 snapping turtles
  A frost giant simulacrum (Depths:2)
  21 jumping spiders
  20 culicivoras
  A shadow (D:13)
  16 water elementals
  21 air elementals
  54 slime creatures
  2 spriggans (Depths:2)
  3 wyverns
  3 vampires (Vaults:3)
  5 fire elementals
  6 fire bats (Volcano)
  36 yaks
  4 basilisks
  A yak (shapeshifter) (D:13)
  4 wraiths
  4 hogs (Lair:5)
  2 steam dragons (D:7)
  A hog (shapeshifter) (Elf:2)
  4 humans (Bailey)
  11 vampire mosquitoes
  9 golden eyes
  A golden eye (shapeshifter) (D:14)
  52 redbacks
  Menkaure (D:4)
  7 wargs
  An acid dragon (D:14)
  31 orc warriors
  13 water moccasins
  3 ice beasts
  A black bear (Lair:3)
  2 sky beasts (D:7)
  6 wolves (Lair:1)
  A boggart (Vaults:1)
  4 ogres
  16 centaurs
  The ghost of kae the Changer, an amateur OpTm (D:4)
  4 kobold brigands
  29 bullfrogs
  3 earth elementals
  A gnoll sergeant (D:10)
  A wight (D:7)
  9 killer bees
  4 howler monkeys
  6 lava snakes (Volcano)
  5 electric eels
  A hound (D:6)
  2 gnoll boudas (D:6)
  13 orc priests
  Terence (D:2)
  2 sleepcaps
  Natasha (twice) (D:2)
  2 iguanas
  24 orc wizards
  A lightning spire (Zot:1)
  5 hell rats (Lair:1)
  15 gnolls
  2 adders (D:2)
  2 white imps (D:7)
  An ufetubus (D:7)
  2 worms
  2 dart slugs
  64 orcs
  7 ball pythons
  2 bats
  3 bat zombies (D:10)
  2 endoplasms (D:2)
  2 giant cockroaches
  7 hobgoblins
  19 kobolds
  3 quokkas
  5 frilled lizards
  3 goblins
  3 rats
  3 rat zombies (D:10)
1728 creatures vanquished.

Vanquished Creatures (collateral kills)
  the Royal Jelly (Slime:5)
  An ancient lich (Zot:5)
  Mara (Depths:2)
  A shard shrike (Depths:2)
  A curse toe (Zot:3)
  4 golden dragons
  Rupert (Lair:4)
  A tentacled monstrosity (Zot:4)
  An electric golem (Zot:5)
  A walking crystal tome (Depths:3)
  3 titans (Depths:3)
  3 Orb Guardians (Zot:5)
  9 acid blobs (Slime:5)
  2 storm dragons
  Kirke (Lair:5)
  2 draconian monks (Zot:2)
  3 rockslimes (Slime:5)
  2 fire giants (Depths:3)
  2 azure jellies
  A deep elf sorcerer (Elf:3)
  A draconian knight (Zot:2)
  An emperor scorpion (Spider:3)
  A balrug (Depths:3)
  A frost giant (Depths:2)
  A caustic shrike zombie (D:15)
  2 iron dragons (Depths:3)
  2 draconian scorchers (Zot:2)
  Aizul (Spider:1)
  A deep elf elementalist (Elf:3)
  2 draconian annihilators (Zot:2)
  A draconian stormcaller (Zot:2)
  A draconian shifter (Zot:2)
  2 stone giants (Depths:3)
  4 quicksilver oozes
  3 ironbound preservers (Vaults:4)
  5 formless jellyfish
  2 very ugly things
  2 green draconians (Depths:4)
  2 ironbound thunderhulks
  A dire elephant (Vaults:1)
  2 black draconians
  2 deep elf annihilators (Elf:3)
  2 spark wasps (Depths:3)
  3 purple draconians
  6 white draconians
  A deep elf demonologist (Elf:3)
  2 yellow draconians
  5 red draconians
  A crystal guardian (Vaults:3)
  2 ettins
  2 great orbs of eyes (Slime:2)
  A rakshasa (Depths:3)
  2 ice dragons (Depths:3)
  A vault guard (D:13)
  A peacekeeper (Vaults:4)
  A tengu warrior (Depths:2)
  A radroach (Spider:3)
  An ironbound frostheart (Vaults:4)
  A deep troll shaman (Depths:4)
  A death yak (Lair:4)
  2 deep troll earth magi (Depths:4)
  A storm dragon skeleton (Depths:3)
  3 hell knights
  A sun demon (Depths:3)
  A sun moth (Spider:4)
  A skeletal warrior (D:15)
  A skyshark (Shoals:1)
  A flayed ghost (D:15)
  A death drake (WizLab)
  3 orb spiders
  A glowing orange brain (Depths:4)
  12 deep trolls
  A wizard (Vaults:4)
  A sphinx zombie (Depths:1)
  6 orc knights
  A harpy (Shoals:2)
  A necromancer (Depths:2)
  An oklob plant (Lair:1)
  An orc sorcerer (D:13)
  5 shining eyes
  A wolf spider (Spider:4)
  4 ugly things
  A sphinx skeleton (Depths:3)
  3 elephants (Lair:5)
  2 manticores
  4 moths of wrath
  A black mamba (Lair:1)
  2 titan simulacra
  An eye of devastation (Slime:5)
  A smoke demon (WizLab)
  A water nymph (Shoals:2)
  A storm dragon simulacrum (Depths:4)
  A torpor snail (Spider:4)
  A red devil (D:15)
  A troll (Orc:2)
  A polar bear (Lair:5)
  A merfolk (Shoals:4)
  3 tarantellas
  A hornet (Spider:4)
  A spriggan zombie (Depths:1)
  3 jumping spiders
  46 slime creatures
  3 culicivoras
  A spriggan (Depths:2)
  2 air elementals
  A golden eye (Slime:5)
  A vampire mosquito (Lair:5)
  6 redbacks
  A water moccasin (Lair:1)
  5 orc warriors
  A glowing shapeshifter simulacrum (Depths:4)
  A human simulacrum (Depths:2)
  2 orc priests
  A lightning spire (Zot:1)
  4 orc wizards
  Natasha (D:2)
  6 orcs
277 creatures vanquished.

Vanquished Creatures (others)
  4 rockslimes (Slime:5)
  3 draconian monks
  A frost giant (Depths:2)
  3 draconian scorchers
  2 azure jellies (Slime:5)
  A vault warden (Vaults:4)
  2 green draconians
  A stone giant (Depths:1)
  A draconian annihilator (Zot:3)
  2 very ugly things (Depths:4)
  2 white draconians
  4 black draconians
  2 yellow draconians
  3 spark wasps
  A fire dragon (Depths:3)
  An ice dragon (Depths:4)
  A death drake (WizLab)
  A flayed ghost (Depths:3)
  7 deep trolls
  2 orc knights (Vaults:4)
  An efreet (WizLab)
  A hornet (Depths:2)
  A tengu simulacrum (Depths:4)
  12 slime creatures
  A human (Lair:5)
  A vampire mosquito (D:15)
  A centaur (Orc:2)
  A glowing shapeshifter simulacrum (Depths:4)
  An orc (D:3)
64 creatures vanquished.

Grand Total: 2069 creatures vanquished

Notes
Turn   | Place    | Note
-------+----------+-------------------------------------------
     0 | D:1      | PaperRat the Demonspawn Artificer began the quest for the
                  | Orb.
     0 | D:1      | Reached XP level 1. HP: 15/15 MP: 1/1
   126 | D:1      | Found Cualau's Weapon Emporium.
   173 | D:1      | Reached skill level 1 in Stealth
   353 | D:1      | Gained mutation: Your demonic aura sometimes causes spilled
                  | blood to erupt in flames. [demonic ancestry]
   353 | D:1      | Reached XP level 2. HP: 21/21 MP: 2/2
  1017 | D:2      | Gained mutation: Your movements are slightly less
                  | encumbered by armour. (ER -2) [demonic ancestry]
  1017 | D:2      | Reached XP level 3. HP: 24/27 MP: 3/3
  1134 | D:2      | Reached skill level 1 in Long Blades
  1157 | D:1      | Bought 5 poisoned darts for 39 gold pieces
  1174 | D:2      | Noticed Terence
  1187 | D:2      | Noticed Natasha
  1196 | D:2      | Killed Natasha
  1197 | D:2      | Reached XP level 4. HP: 34/34 MP: 4/4
  1209 | D:2      | Killed Terence
  1501 | D:2      | Noticed Natasha
  1510 | D:2      | Killed Natasha
  1566 | D:2      | Found a runed translucent door.
  1567 | D:2      | Noticed Crazy Yiuf
  1767 | D:2      | Noticed Natasha
  1776 | D:2      | Killed Natasha
  1777 | D:2      | Gained mutation: Your touch may inflict minor irresistible
                  | damage on your foes. [demonic ancestry]
  1777 | D:2      | Reached XP level 5. HP: 18/41 MP: 5/5
  1804 | D:2      | Learned a level 3 spell: Confusing Touch
  2316 | D:3      | Reached skill level 1 in Hexes
  2319 | D:3      | Reached skill level 1 in Short Blades
  2829 | D:3      | Found a shimmering altar of Xom.
  2901 | D:4      | Noticed Menkaure
  3078 | D:4      | Found a runed translucent gate.
  3078 | D:4      | Found a runed translucent gate.
  3078 | D:4      | Found a runed translucent gate.
  3080 | D:4      | Noticed kae's ghost (amateur OpTm)
  3124 | D:4      | Reached XP level 6. HP: 48/48 MP: 6/6
  3136 | D:4      | Killed Menkaure
  3291 | D:4      | Found a staircase to the Ecumenical Temple.
  3300 | Temple   | Entered the Ecumenical Temple
  3347 | Temple   | Became a worshipper of Uskayaw the Reveller
  3620 | D:5      | Entered Level 5 of the Dungeon
  3645 | D:5      | Found a snail-covered altar of Cheibriados.
  3663 | D:5      | Reached * piety under Uskayaw
  3758 | D:5      | Reached ** piety under Uskayaw
  3790 | D:5      | Gained mutation: Your touch may inflict irresistible damage
                  | on your foes. [demonic ancestry]
  3790 | D:5      | Reached XP level 7. HP: 14/54 MP: 7/7
  3911 | D:5      | Found Otamukiesch's Magic Scroll Shop.
  3920 | D:5      | Bought a scroll of teleportation for 36 gold pieces
  3920 | D:5      | Bought a scroll of revelation for 90 gold pieces
  4062 | D:5      | Found a broken altar of Ashenzari.
  4449 | D:6      | Reached skill level 1 in Throwing
  4730 | D:6      | Reached *** piety under Uskayaw
  4762 | D:6      | Found a blossoming altar of Fedhas.
  4910 | D:6      | Noticed a wraith
  5052 | D:6      | Found an ornate altar of the Wu Jian Council.
  5164 | D:6      | Reached skill level 1 in Spellcasting
  5164 | D:6      | Reached skill level 5 in Hexes
  5164 | D:6      | Gained mutation: Spells you cast may paralyse adjacent
                  | enemies. [demonic ancestry]
  5164 | D:6      | Reached XP level 8. HP: 55/60 MP: 9/9
  5317 | D:5      | Bought a scroll of identify for 24 gold pieces
  5317 | D:5      | Bought a scroll of identify for 24 gold pieces
  5601 | D:7      | Reached skill level 1 in Dodging
  5680 | D:7      | Found Agocypu's Armour Shop.
  5686 | D:7      | Found Uthrann's Book Shoppe.
  5694 | D:7      | Learned a level 2 spell: Call Imp
  5716 | D:7      | Found Haecsish's General Store.
  5722 | D:7      | Bought a scroll of identify for 26 gold pieces
  5826 | D:6      | Reached skill level 1 in Invocations
  5852 | D:7      | Reached skill level 2 in Invocations
  5857 | D:7      | Reached **** piety under Uskayaw
  5883 | D:7      | Reached ***** piety under Uskayaw
  5896 | D:7      | Reached ****** piety under Uskayaw
  5897 | D:7      | Reached skill level 5 in Fighting
  5942 | D:7      | Noticed a hornet
  5949 | D:7      | Killed a hornet
  5950 | D:7      | Reached skill level 5 in Short Blades
  5950 | D:7      | Reached XP level 9. HP: 69/69 MP: 6/10
  6055 | D:7      | Reached skill level 1 in Summonings
  6487 | D:2      | Crazy Yiuf changed into Crazy Yiuf the ball python
  6487 | D:2      | Noticed Crazy Yiuf
  6489 | D:2      | Killed Crazy Yiuf the ball python
  6559 | D:4      | Killed kae's ghost
  6650 | D:8      | Noticed Erica
  6654 | D:8      | Found a flagged portal.
  6670 | D:8      | Killed Erica
  6671 | D:8      | Reached skill level 3 in Invocations
  6705 | Bailey   | Entered a bailey
  6794 | Bailey   | Reached skill level 4 in Invocations
  6815 | Bailey   | Reached XP level 10. HP: 77/77 MP: 10/13
  6844 | Bailey   | Noticed a vault guard
  6851 | Bailey   | Noticed Prince Ribbit
  6853 | Bailey   | Killed a vault guard
  6854 | Bailey   | Reached skill level 5 in Invocations
  6863 | Bailey   | Killed Prince Ribbit
  6870 | Bailey   | Reached skill level 6 in Invocations
  6923 | Bailey   | Noticed a vault guard
  6961 | Bailey   | Killed a vault guard
  7061 | D:8      | Got A Primer on Spellweaving
  7069 | D:8      | Learned a level 2 spell: Blink
  7132 | D:8      | Reached skill level 7 in Invocations
  7327 | D:8      | Found an iron altar of Okawaru.
  7400 | D:8      | Noticed a two-headed ogre
  7416 | D:8      | Killed a two-headed ogre
  7417 | D:8      | Reached skill level 1 in Translocations
  7751 | D:9      | Noticed a two-headed ogre
  7773 | D:9      | Killed a two-headed ogre
  7774 | D:9      | Gained mutation: Your demonic aura often causes spilled
                  | blood to erupt in flames. [demonic ancestry]
  7774 | D:9      | Reached XP level 11. HP: 86/86 MP: 11/16
  7825 | D:9      | Noticed Joseph
  8032 | D:9      | Found a staircase to the Lair.
  8114 | D:9      | Noticed a two-headed ogre
  8234 | D:9      | Killed a two-headed ogre
  8613 | D:9      | Killed Joseph
  8689 | Lair:1   | Entered Level 1 of the Lair of Beasts
  8757 | Lair:1   | Reached skill level 8 in Invocations
  8853 | Lair:1   | Reached skill level 5 in Stealth
  9045 | Lair:1   | Found a transporter.
  9045 | Lair:1   | Noticed kaychamo's ghost (novice OgFi)
  9047 | Lair:1   | Noticed a five-headed hydra
  9124 | Lair:1   | Noticed a death yak
  9182 | Lair:1   | Found a transporter.
  9396 | Lair:1   | Killed a death yak
  9685 | Lair:1   | Found a blossoming altar of Fedhas.
  9687 | Lair:1   | Noticed an oklob plant
  9691 | Lair:1   | Learned a level 1 spell: Apportation
  9930 | Lair:1   | Learned a level 3 spell: Ignite Poison
  9942 | Lair:2   | Noticed a death yak
  9942 | Lair:2   | Noticed a death yak
  9944 | Lair:2   | Noticed a death yak
  9947 | Lair:2   | Noticed a death yak
 10025 | Lair:1   | Killed a death yak
 10169 | Lair:2   | Noticed a catoblepas
 10193 | Lair:1   | Killed a catoblepas
 10194 | Lair:1   | Reached skill level 5 in Evocations
 10206 | Lair:2   | Gained mutation: Your movements are less encumbered by
                  | armour. (ER -4) [demonic ancestry]
 10206 | Lair:2   | Reached XP level 12. HP: 71/94 MP: 14/18
 10251 | Lair:2   | Reached skill level 5 in Summonings
 10348 | Lair:1   | Killed a death yak
 10349 | Lair:1   | Reached skill level 9 in Invocations
 10413 | Lair:2   | Killed a death yak
 10416 | Lair:2   | Killed a death yak
 10490 | Lair:2   | Found a hole to the Spider Nest.
 10774 | D:7      | Bought Sif Muna's Discourse on the Aerial Sphinx for 504
                  | gold pieces
 11175 | Lair:3   | Noticed Fannar
 11179 | Lair:3   | Killed Fannar
 11533 | Lair:3   | Found a staircase to the Shoals.
 11549 | Lair:3   | You fall into a shaft and drop 1 floor!
 11551 | Lair:4   | Noticed a four-headed hydra
 11560 | Lair:4   | Noticed a death yak
 11563 | Lair:4   | Noticed a death yak
 11564 | Lair:4   | Noticed a death yak
 11564 | Lair:4   | Noticed a death yak
 11565 | Lair:4   | Noticed a death yak
 11599 | Lair:2   | Killed a death yak
 11807 | Lair:3   | Learned a level 5 spell: Summon Mana Viper
 11922 | Lair:3   | Reached skill level 10 in Invocations
 12175 | Lair:4   | Noticed a death yak
 12175 | Lair:4   | Noticed a death yak
 12175 | Lair:4   | Noticed a death yak
 12175 | Lair:4   | Noticed a death yak
 12175 | Lair:4   | Noticed a death yak
 12177 | Lair:4   | Killed a death yak
 12596 | Lair:3   | Killed a death yak
 12606 | Lair:3   | Killed a death yak
 12607 | Lair:3   | Killed a death yak
 12673 | Lair:3   | Killed a death yak
 12859 | Lair:4   | Killed a four-headed hydra
 12906 | Lair:4   | Killed a death yak
 12907 | Lair:4   | Reached skill level 10 in Fighting
 12907 | Lair:4   | Reached XP level 13. HP: 93/103 MP: 17/20
 12991 | Lair:4   | Reached skill level 1 in Poison Magic
 13039 | Lair:4   | Reached skill level 1 in Transmutations
 13078 | Lair:4   | Reached skill level 1 in Fire Magic
 13100 | Lair:4   | Noticed Rupert
 13115 | Lair:4   | Killed Rupert
 13116 | Lair:4   | Reached skill level 10 in Hexes
 13630 | Lair:5   | Entered Level 5 of the Lair of Beasts
 13722 | Lair:5   | Noticed Kirke
 13958 | Lair:5   | Found a dark tunnel.
 14050 | Volcano  | Entered a volcano
 14257 | Volcano  | Noticed a red draconian
 14263 | Volcano  | Gained mutation: Spells you cast may paralyse nearby
                  | enemies. [demonic ancestry]
 14263 | Volcano  | Reached XP level 14. HP: 110/110 MP: 17/21
 14295 | Volcano  | Identified the +1 pair of gloves "Izuijaps" {rElec Will+
                  | Int+2 SInv}
 14349 | Volcano  | Found a bloodstained altar of Trog.
 14674 | Lair:5   | Reached skill level 5 in Transmutations
 14719 | Lair:5   | Noticed a sphinx
 14726 | Lair:5   | Killed Kirke
 14792 | Lair:5   | Got Dicvyadete's Directory of the Sturgeon
 15180 | Lair:5   | Identified a scroll of acquirement
 15181 | Lair:5   | Acquired the +2 helmet of Leapfrog {rF+}
 15690 | Lair:5   | Found a staircase to the Slime Pits.
 15870 | Lair:5   | Reached skill level 5 in Spellcasting
 15891 | Lair:5   | Learned a level 5 spell: Irradiate
 15894 | Lair:5   | Learned a level 2 spell: Passwall
 16111 | Lair:1   | Reached skill level 5 in Dodging
 16122 | Lair:1   | Killed kaychamo's ghost
 16133 | Lair:1   | Identified the +2 ring mail of Feokharu {+Inv Regen+}
 16399 | D:10     | Entered Level 10 of the Dungeon
 16527 | D:10     | Found Luiz's Antique Weapon Emporium.
 16694 | D:10     | Noticed Harold
 16722 | D:10     | Killed Harold
 16951 | D:10     | Reached skill level 11 in Invocations
 17003 | D:10     | Found Dubixid's Vocational Training.
 17060 | D:10     | Found an ancient bone altar of Kikubaaqudgha.
 17269 | D:11     | Found Areff's Armour Boutique.
 17339 | D:11     | Found a staircase to the Orcish Mines.
 18322 | D:11     | You fall into a shaft and drop 1 floor!
 19393 | Orc:1    | Entered Level 1 of the Orcish Mines
 19402 | Orc:1    | Found Simipod's Mayhem Merchandise.
 19422 | Orc:1    | Noticed Urug
 19445 | Orc:1    | Killed Urug
 19560 | Orc:1    | Found Tientel's Distillery.
 19955 | Orc:2    | Entered Level 2 of the Orcish Mines
 20011 | Orc:2    | Gained mutation: Your movements are significantly less
                  | encumbered by armour. (ER -6) [demonic ancestry]
 20011 | Orc:2    | Reached XP level 15. HP: 109/118 MP: 3/23
 20244 | Orc:2    | Found a staircase to the Elven Halls.
 20718 | Orc:2    | Reached skill level 10 in Summonings
 20910 | Orc:2    | Found Erulegh's Book Shoppe.
 20910 | Orc:2    | Found Jissoyl's General Store.
 20960 | Orc:2    | Found Cewucof's Assorted Antiques.
 20962 | Orc:2    | Found Buawk's Distillery.
 21181 | Orc:2    | Bought the +2 ring mail of Alaczarae {rPois rC+ Str+3
                  | Dex+2} for 597 gold pieces
 21317 | D:13     | Identified the +4 whip of Discord {distort, rCorr}
 21451 | D:13     | Reached skill level 12 in Invocations
 21534 | D:13     | Noticed Snorg
 21580 | D:13     | Killed Snorg
 21638 | D:13     | Reached skill level 1 in Conjurations
 21896 | D:13     | Found a gate to the Vaults.
 22158 | D:13     | Identified the +1 rapier of Fuecurom {protect, MP+9 Int+4}
 22961 | D:14     | Found a basalt altar of Yredelemnul.
 23340 | D:14     | Found a shimmering blue altar of Sif Muna.
 23364 | D:14     | Got Sif Muna's Papyrus of Ill Luck
 23589 | D:15     | Entered Level 15 of the Dungeon
 23866 | D:15     | Found a staircase to the Depths.
 24978 | D:15     | Learned a level 3 spell: Dazzling Flash
 25272 | Spider:1 | Entered Level 1 of the Spider Nest
 25543 | D:10     | Bought a manual of Evocations for 1040 gold pieces
 25657 | Spider:1 | Noticed Aizul
 25684 | Spider:1 | Killed Aizul
 26155 | Spider:1 | Gained mutation: You punish those that try to bend your
                  | will. (Will+) [demonic ancestry]
 26155 | Spider:1 | Reached XP level 16. HP: 114/127 MP: 16/26
 26772 | Spider:2 | Reached skill level 5 in Conjurations
 28096 | Spider:2 | Identified the +0 robe of Vucusiru {rN+ Str+3}
 28683 | Spider:3 | Got Sif Muna's Anthology of the Panacea
 28728 | Spider:3 | Noticed Asterion
 28735 | Spider:3 | Asterion changed into Asterion the orb spider
 28735 | Spider:3 | Noticed Asterion
 28754 | Spider:3 | Killed Asterion the orb spider
 28858 | Spider:3 | Reached skill level 10 in Evocations
 28863 | Spider:3 | Learned a level 4 spell: Iskenderun's Mystic Blast
 29457 | Spider:4 | Entered Level 4 of the Spider Nest
 30010 | Orc:2    | Bought a potion of heal wounds for 70 gold pieces
 30015 | Orc:2    | Bought a potion of heal wounds for 75 gold pieces
 31328 | Spider:4 | Reached XP level 17. HP: 133/133 MP: 20/29
 31948 | Spider:4 | Got a gossamer rune of Zot
 32154 | Shoals:1 | Entered Level 1 of the Shoals
 32211 | Shoals:1 | You are sucked into a shaft and drop 1 floor!
 32839 | Shoals:1 | Reached skill level 5 in Armour
 33362 | Shoals:2 | Identified the ring "Ynysufaf" {rC+ Will- Str+6 Stlth+}
 34663 | Shoals:3 | Identified the +1 ring mail of Boredom {rElec rF+ rCorr
                  | Str-3}
 34928 | Shoals:3 | Found a gateway to a bazaar.
 35406 | Shoals:4 | Entered Level 4 of the Shoals
 35513 | Shoals:4 | Reached skill level 10 in Dodging
 35554 | Shoals:4 | Reached skill level 10 in Transmutations
 35716 | Shoals:4 | Found a blossoming altar of Fedhas.
 35735 | Shoals:4 | Gained mutation: You are resistant to unholy torment.
                  | [demonic ancestry]
 35735 | Shoals:4 | Reached XP level 18. HP: 133/143 MP: 23/30
 36031 | Shoals:4 | Paralysed by an air elemental for 1 turns
 36511 | Shoals:4 | Paralysed by an air elemental for 1 turns
 36740 | Shoals:4 | Paralysed by an air elemental for 1 turns
 36744 | Shoals:4 | Paralysed by an air elemental for 1 turns
 36894 | Shoals:4 | Paralysed by an air elemental for 1 turns
 37160 | Shoals:4 | Reached skill level 13 in Invocations
 37230 | Shoals:4 | Got a barnacled rune of Zot
 37357 | Bazaar   | Entered a bazaar
 37365 | Bazaar   | Found Wiuf's Antique Armour Shop.
 37365 | Bazaar   | Found Leho Mun's Jewellery Shop.
 37407 | Bazaar   | Acquired 926 gold pieces
 37409 | Bazaar   | Bought the ring "Udghip Zeovu" {rPois rF+ MP+9 Int+4 Dex+6}
                  | for 1467 gold pieces
 37588 | D:9      | Learned a level 5 spell: Yara's Violent Unravelling
 37718 | Elf:1    | Entered Level 1 of the Elven Halls
 38951 | Elf:1    | Reached skill level 14 in Invocations
 39500 | Elf:2    | Reached skill level 10 in Spellcasting
 39961 | Elf:2    | Paralysed by an air elemental for 1 turns
 40094 | Elf:2    | Found a runed translucent gate.
 40095 | Elf:2    | Found a runed translucent gate.
 40095 | Elf:2    | Found a runed translucent gate.
 40571 | Elf:3    | Entered Level 3 of the Elven Halls
 40754 | Elf:3    | Reached skill level 15 in Invocations
 40985 | Elf:3    | Found an ancient bone altar of Kikubaaqudgha.
 41131 | Elf:3    | Gained mutation: Your touch may irresistibly damage your
                  | foes and sap their willpower. [demonic ancestry]
 41131 | Elf:3    | Reached XP level 19. HP: 149/149 MP: 25/33
 41158 | Elf:3    | Reached skill level 16 in Invocations
 41744 | Elf:3    | Identified the +11 war axe of Hacking and Slashing
                  | {antimagic, Str+3 Int-4 Dex+5}
 41952 | Elf:3    | Identified the staff "Ceymujom" {rPois rC++ Poison}
 41972 | Elf:3    | Identified the +1 halberd of the Real Monster {flame, Str+2
                  | Int+5}
 41977 | Elf:3    | Identified the +6 sling of Glory {heavy, +Blink rPois Str-5
                  | Int-3}
 42002 | Elf:3    | Identified the ring "Cisae" {rC+ Int+4}
 42012 | Elf:3    | Identified the +4 dagger of Dung {flame, rC+ rCorr Str+8
                  | Dex-3}
 42017 | Elf:3    | Identified the ring "Hinopt" {rF+ Str+2 Stlth+}
 42072 | Elf:3    | Identified the +8 battleaxe of Earthquakes {elec, rElec
                  | rCorr Int+4 Dex-3}
 42086 | Elf:3    | Identified the +7 dagger "Jakkan" {freeze, rElec rPois
                  | Dex-2 Stlth+}
 42393 | Vaults:1 | Entered Level 1 of the Vaults
 42628 | Vaults:1 | Found Wupponni's Distillery.
 42633 | Vaults:1 | Bought a potion of heal wounds for 60 gold pieces
 42633 | Vaults:1 | Bought a potion of magic for 96 gold pieces
 42633 | Vaults:1 | Bought a potion of enlightenment for 60 gold pieces
 42633 | Vaults:1 | Bought a potion of invisibility for 96 gold pieces
 42633 | Vaults:1 | Bought a potion of invisibility for 96 gold pieces
 42633 | Vaults:1 | Bought a potion of invisibility for 96 gold pieces
 43261 | Vaults:1 | Reached skill level 15 in Hexes
 44114 | Vaults:1 | Reached XP level 20. HP: 159/159 MP: 34/34
 44348 | Vaults:2 | Found a magical portal.
 44365 | WizLab   | Entered The Chambers of the Cloud Mage
 44476 | WizLab   | Paralysed by an air elemental for 1 turns
 44920 | WizLab   | Identified the +8 quick blade of Ipoju {holy, Fly Str+3
                  | SInv}
 44920 | WizLab   | Identified the ring of the Blind Eye {Contam Fly rElec
                  | Will++ SInv}
 45910 | Vaults:2 | Noticed Frederick
 45911 | Vaults:2 | Killed Frederick
 45926 | Vaults:2 | Reached skill level 10 in Stealth
 46286 | Vaults:2 | Noticed Margery
 46289 | Vaults:2 | Killed Margery
 46569 | Vaults:2 | Noticed Jory
 46596 | Vaults:2 | Killed Jory
 46725 | Vaults:2 | Identified the +4 ring mail "Vigry" {Stlth+}
 47052 | Vaults:2 | Identified the +1 helmet "Ischeff" {rF+ rCorr Int+2}
 47242 | Vaults:2 | Identified the staff of the Walnut {rC+ Dex+2 Ice}
 47360 | Vaults:3 | Found the +3 pair of seven-league boots {Rampage+∞}
 47391 | Vaults:3 | Gained mutation: Your demonic aura causes all spilled blood
                  | to erupt in flames. [demonic ancestry]
 47391 | Vaults:3 | Reached XP level 21. HP: 147/165 MP: 35/35
 48595 | Vaults:3 | Found a staircase to the Crypt.
 49115 | Vaults:3 | Learned a level 8 spell: Discord
 49540 | Vaults:4 | Noticed Boris
 49544 | Vaults:4 | Reached skill level 10 in Short Blades
 49578 | Vaults:4 | Killed Boris
 50204 | Vaults:4 | Found Xothum's Assorted Antiques.
 50944 | Slime:1  | Entered Level 1 of the Pits of Slime
 51169 | Slime:2  | Noticed Dissolution
 51178 | Slime:1  | Killed Dissolution
 51179 | Slime:1  | Reached XP level 22. HP: 99/173 MP: 29/37
 52749 | Slime:5  | Entered Level 5 of the Pits of Slime
 52924 | Slime:5  | Noticed the Royal Jelly
 52936 | Slime:5  | Killed the Royal Jelly
 52957 | Slime:5  | Reached skill level 17 in Invocations
 53635 | Slime:5  | Gained mutation: Armour fits poorly on your strangely
                  | shaped body. [a shining eye]
 53953 | Slime:5  | Identified the +8 quarterstaff of Bomugh {protect, rN++
                  | Int-3 Dex+6}
 53968 | Slime:5  | Identified the +8 shortbow "Niunyo" {drain, rElec rN+
                  | Dex+4}
 53980 | Slime:5  | Identified the orb of Loqy {mayhem, rF+ Stlth+}
 53987 | Slime:5  | Identified the +4 spear of Koast {heavy, Str+4 Int+2}
 53992 | Slime:5  | Got a slimy rune of Zot
 54031 | Slime:5  | Identified the +0 robe "Fymmeb" {Str+2 Dex+4}
 54211 | Slime:5  | Lost mutation: Armour fits poorly on your strangely shaped
                  | body. [potion of mutation]
 54211 | Slime:5  | Gained mutation: Your spells are a little easier to cast,
                  | but a little less powerful. [potion of mutation]
 54211 | Slime:5  | Gained mutation: Your flesh is cold resistant. (rC+)
                  | [potion of mutation]
 54222 | Slime:5  | Learned a level 7 spell: Enfeeble
 54519 | Orc:2    | Bought a scroll of enchant weapon for 262 gold pieces
 54524 | Orc:2    | Bought 2 potions of cancellation for 240 gold pieces
 54582 | Orc:1    | Bought a potion of mutation for 112 gold pieces
 54582 | Orc:1    | Bought a potion of mutation for 112 gold pieces
 54582 | Orc:1    | Bought a potion of resistance for 140 gold pieces
 54582 | Orc:1    | Bought a potion of enlightenment for 70 gold pieces
 54582 | Orc:1    | Bought a potion of brilliance for 56 gold pieces
 54786 | Vaults:4 | Bought a potion of heal wounds for 205 gold pieces
 54982 | Depths:1 | Entered Level 1 of the Depths
 55017 | Depths:1 | Noticed a golden dragon
 55027 | Depths:1 | Killed a golden dragon
 55128 | Depths:1 | Found a one-way gate to the infinite horrors of the Abyss.
 55246 | Depths:1 | Found a gateway to Hell.
 55434 | Depths:1 | Reached skill level 15 in Fighting
 55580 | Depths:2 | Noticed a shard shrike
 55589 | Depths:2 | Noticed a shard shrike
 55596 | Depths:2 | Killed a shard shrike
 55648 | Depths:2 | Got the +3 battleaxe "Ecevvo Oluw" {freeze, *Noise Will+
                  | Str+3 Dex+3}
 55666 | Depths:2 | Killed a shard shrike
 55676 | Depths:2 | Noticed Mara
 55697 | Depths:2 | Killed Mara
 56158 | Depths:2 | Noticed Louise
 56171 | Depths:2 | Killed Louise
 56345 | Depths:2 | Acquired 562 gold pieces
 56834 | Depths:2 | Found a one-way gate leading to the halls of Pandemonium.
 57262 | Depths:3 | Found a one-way gateway to a ziggurat.
 57519 | Depths:3 | Found a transporter.
 57520 | Depths:3 | Found a transporter.
 57520 | Depths:3 | Noticed a golden dragon
 57534 | Depths:3 | Found the +13 scythe of Curses {drain, curses, Drain}
 57540 | Depths:3 | Found a transporter.
 57540 | Depths:3 | Found a transporter.
 57707 | Depths:3 | Reached XP level 23. HP: 166/182 MP: 38/38
 57769 | Depths:3 | Found Qoudast's Book Boutique.
 57773 | Depths:3 | Found Exotu's Weapon Shop.
 57775 | Depths:3 | Found Egeuh's Assorted Antiques.
 58032 | Depths:3 | Found a transporter.
 58153 | Depths:3 | Reached skill level 15 in Evocations
 58504 | Depths:3 | Reached skill level 18 in Invocations
 58587 | Depths:3 | Identified the +1 helmet of Enormous Awe {*Slow Str+2
                  | Int+4}
 58590 | Depths:3 | Identified the +1 chain mail of the Gnashing Gods {-Cast
                  | rF++ rC+ Will+}
 58603 | Depths:3 | Identified the ring of Etheroza {Fly rPois rC+ Dex-4}
 58644 | Depths:4 | Entered Level 4 of the Depths
 58905 | Depths:4 | Identified the ring "Untuacvufed" {Ice Str-5 Int+4 SInv}
 58905 | Depths:4 | Noticed Josephina
 59081 | Depths:4 | Killed Josephina
 59926 | Depths:4 | Found a gate to the Realm of Zot.
 60075 | Depths:4 | Noticed a juggernaut
 60086 | Depths:4 | Killed a juggernaut
 60982 | Zot:1    | Entered Level 1 of the Realm of Zot
 60984 | Zot:1    | Noticed an orb of fire
 61008 | Zot:1    | Killed an orb of fire
 61672 | Zot:1    | Reached skill level 19 in Invocations
 61917 | Zot:1    | Noticed Vv
 61935 | Zot:1    | Killed Vv
 62288 | Zot:1    | Learned a level 1 spell: Apportation
 62582 | D:10     | Bought a manual of Invocations for 1040 gold pieces
 63776 | Zot:2    | Reached skill level 20 in Invocations
 64069 | Zot:2    | Reached XP level 24. HP: 193/193 MP: 38/38
 64598 | Depths:3 | Bought a wand of acid (6) for 1134 gold pieces
 65281 | Zot:3    | Reached skill level 21 in Invocations
 67094 | Zot:4    | Reached skill level 22 in Invocations
 68200 | Zot:5    | Entered Level 5 of the Realm of Zot
 68202 | Zot:5    | Reached skill level 23 in Invocations
 68769 | Zot:5    | Reached skill level 24 in Invocations
 68782 | Zot:5    | Noticed an ancient lich
 68901 | Zot:5    | Noticed an ancient lich
 68911 | Zot:5    | Killed an ancient lich
 68922 | Zot:5    | Killed an ancient lich
 68935 | Zot:5    | Noticed an orb of fire
 68952 | Zot:5    | Killed an orb of fire
 69260 | Zot:5    | Reached skill level 25 in Invocations
 69295 | Zot:5    | Noticed an ancient lich
 69314 | Zot:5    | Killed an ancient lich
 69561 | Zot:5    | Noticed a Killer Klown
 69565 | Zot:5    | Noticed a dread lich
 69565 | Zot:5    | Noticed a Killer Klown
 69571 | Zot:5    | Killed a Killer Klown
 69571 | Zot:5    | Killed a dread lich
 69571 | Zot:5    | Killed a Killer Klown
 69597 | Zot:5    | Noticed a Killer Klown
 69605 | Zot:5    | Killed a Killer Klown
 69753 | Zot:5    | Noticed an ancient lich
 69756 | Zot:5    | Noticed a Killer Klown
 69764 | Zot:5    | Killed an ancient lich
 69765 | Zot:5    | Reached skill level 26 in Invocations
 69767 | Zot:5    | Killed a Killer Klown
 69768 | Zot:5    | Gained mutation: You can hurl damnation. [demonic ancestry]
 69768 | Zot:5    | Reached XP level 25. HP: 200/204 MP: 25/40
 69888 | Zot:5    | Noticed a dread lich
 69889 | Zot:5    | Noticed an orb of fire
 69908 | Zot:4    | Killed a dread lich
 70094 | Zot:5    | Noticed a dread lich
 70107 | Zot:5    | Killed a dread lich
 70110 | Zot:5    | Killed an orb of fire
 70589 | Zot:5    | Reached skill level 27 in Invocations
 70770 | Zot:5    | Noticed an orb of fire
 71054 | Zot:5    | Killed an orb of fire
 71698 | Zot:5    | Got the Orb of Zot
 72012 | D:14     | Noticed Wumuaw the pandemonium lord
 72012 | D:14     | Noticed an ancient lich
 72035 | D:14     | Noticed a seraph
 72344 | D:$      | Escaped with the Orb!

Illustrated notes

Levels and vault maps discovered:
D:1:      lightli_arrival_farm, layout_rooms, serial_shops, shop,
          dreamdust_princess_bridge, chequers_serial_rivers_micro_b
D:2:      layout_loops_ring, uniq_natasha, uniq_crazy_yiuf_cottage, uniq_terence
D:3:      layout_basic, marbit_many_paths
D:4:      layout_cave_pools, minmay_temple_entry_steel_oval,
          ebering_ghost_rock_garden, uniq_menkaure
D:5:      cheibrodos_thug_alley, layout_rooms, general_overflow_altar,
          mainiacjoe_overflow_brackets, serial_shops, shop
D:6:      layout_loops_ring, fedhas_altar_2, mainiacjoe_overflow_24_doors
D:7:      layout_loops_ring, mainiacjoe_overflow_catwalk, serial_shops, shop,
          shop, nicolae_shop_statue_plus, minmay_alternating_orb
D:8:      layout_basic, lemuel_coloured_pillars_altar, enter_bailey_2,
          minmay_starry_boxes, uniq_erica
D:9:      layout_long_grid, erik_lair_orcish_takeover, uniq_joseph
D:10:     layout_long_grid, lemuel_zombie_altar_kikubaaqudgha,
          lemuel_crystal_altar, serial_shops, shop, nicolae_shop_vocational,
          uniq_harold
D:11:     layout_grid_maze, david_orc_3, serial_shops, shop
D:12:     layout_basic
D:13:     layout_loops_cross, grunt_vaults_entry_fortified,
          corexii_mini_fake_secret_closet, chequers_serial_rivers_room_b,
          grunt_ministairs_7, uniq_snorg
D:14:     layout_cave_pools, serial_park, serial_park_avenue1, serial_park_paths
          [serial_park_minivault_5x5_4], serial_park_tiny_1, serial_park_tiny_1,
          minmay_misc_feat_iff, led_sif_book
D:15:     gammafunk_depths_entry_grave, layout_stronghold
Temple:   nicolae_temple_ecumenical_triangle
Lair:1:   layout_regular_city, gammafunk_ghost_arena, hangedman_tree_tricks
Lair:2:   layout_hall_layers, spider_nest_entry_rubble,
          chequers_serial_rivers_small_b
Lair:3:   layout_chaotic_city, shoals_dummy_entry, serial_bayou_pond_e,
          grunt_megastairs_1, lemuel_fruit_fields, lemuel_fruit_tree,
          uniq_fannar
Lair:4:   layout_concentric_octagons, grunt_megastairs_4, uniq_rupert
Lair:5:   minmay_lair_end_frog_pond, layout_layer_cave,
          dpeg_slime_entry_enclosed, nicolae_volcano_entry_lava_flow,
          chequers_serial_rivers_micro_b, uniq_kirke
Shoals:1: layout_shoals
Shoals:2: cheibrodos_shoals_satyrical_garden, layout_shoals
Shoals:3: layout_shoals, serial_shops, bzr_in_the_mist
Shoals:4: shoals_end_hellmonk_storm_palace [storm_palace_center_square,
          storm_palace_corner_reverse_hut, storm_palace_corner_altar,
          storm_palace_corner_grid, storm_palace_corner_grid]
Spider:1: layout_spider_delve, hangedman_spider_tarantella_strand, uniq_aizul
Spider:2: layout_cave_pods, drop_trap, hellmonk_motheaten_closet
Spider:3: layout_spider_delve, uniq_asterion
Spider:4: spider_rune_water, portal_ice_cave_entry_pillars_three,
          hellmonk_narrow_tunnel
Slime:1:  layout_caves
Slime:2:  layout_caves, nicolae_slime_barrier, dissolution_awaits
Slime:3:  layout_caves, nicolae_slime_getting_an_eyeful
Slime:4:  layout_caves, cheibrodos_slime_lost_civilization_5
Slime:5
Orc:1:    layout_diamond_mine, serial_shops, shop, minmay_shop_mayhem,
          nicolae_orc_flooded_monolith, uniq_urug
Orc:2:    st_orc_rangers, layout_diamond_mine
Elf:1:    elf_arrival_002, layout_onion_city, kennysheep_underground_church
Elf:2:    nicolae_elf_blades_crystal_corner, layout_gridlike, minivault_5
Elf:3:    minmay_elf_hall_hex, layout_loops_cross, basic_altar,
          solitary_fountain
Vaults:1: v_rooms_3, nicolae_vaults_inception_scallops, v_alt_pattern_4,
          nicolae_vaults_sesquioval_fish, ontoclasm_vaults_decontamination,
          nicolae_vaults_two_Ls, nicolae_vaults_trapezoid_1,
          ontoclasm_vaults_loading_screen, hangedman_vaults_locks,
          nicolae_vaults_closet_pinwheel_2, nicolae_vaults_display_case,
          nicolae_vaults_closet_pinwheel_3, nicolae_vaults_sesquioval_fish,
          vaults_room_semicircle, layout_vaults_maze_snakey, serial_shops, shop
Vaults:2: infiniplex_enter_wizlab_water, nicolae_vaults_diamond_2,
          v_alt_pattern_2, st_octagons_1, nicolae_vaults_little_squares_4,
          grunt_vaults_funnel, v_misc_10, nicolae_vaults_closet_pinwheel_3,
          vaults_room_pools, nicolae_vaults_network_barrier,
          nicolae_vaults_heist, vaults_dpeg_emergency_exit,
          ontoclasm_vaults_twist, nicolae_vaults_trapezoid_lopsided_3,
          layout_vaults_omnicross, uniq_jory, uniq_margery, uniq_frederick
Vaults:3: vaults_mumra_chevron, vaults_room_fancy_cross,
          nicolae_vaults_twisting_passages, nicolae_vaults_network_quincunx
          [nicolae_vaults_network_quincunx_subvault,
          nicolae_vaults_network_quincunx_subvault,
          nicolae_vaults_network_quincunx_subvault,
          nicolae_vaults_network_quincunx_subvault,
          nicolae_vaults_network_quincunx_subvault],
          minmay_crypt_entry_vampire_xt, nicolae_vaults_network_s,
          hangedman_vaults_impose, nicolae_vaults_turnstiles,
          nicolae_vaults_trapezoid_3, v_misc_13, ontoclasm_vaults_hangar,
          v_misc_13, nicolae_vaults_big_ls, ontoclasm_vaults_fault,
          nicolae_vaults_trapezoid_lopsided_1, nicolae_vaults_two_Ls,
          layout_vaults_omnibox
Vaults:4: v_misc_9, hangedman_vaults_trim, nicolae_vaults_cornered_office,
          vaults_dpeg_spiral, vaults_dpeg_hooks, v_misc_4, v_misc_18, v_misc_18,
          hangedman_vaults_impose, vaults_mumra_chevron_long,
          layout_vaults_big_room, serial_shops, shop, uniq_boris
Depths:1: layout_cave_pools, minmay_holes, abyss_entry, hell_entry,
          statue_in_the_mist_lemuel, kennysheep_generic_room_14
Depths:2: minmay_coctagon, layout_gridville,
          nicolae_abyss_entry_one_way_or_another, rand_demon_pan_entry_4,
          hell_entry, infiniplex_staircase_pillars_2, uniq_mara
Depths:3: gammafunk_the_bubble [the_bubble_gammafunk_roulette], layout_gridlike,
          enter_ziggurat_f, abyss_entry, corexii_leaking_fountain,
          lightli_too_deep, minmay_shop_star, infiniplex_staircase_squiggle
Depths:4: grunt_x_marks_the_spot, layout_cave_shapes, grunt_hell_entry_dis_mu,
          minmay_misc_feat_secret_circle, uniq_josephina
Zot:1:    evilmike_crystal_ball_defense, layout_gridlike, grunt_megastairs_2,
          uniq_vv
Zot:2:    layout_twisted_circle, st_small_dragon_hoard_2, lemuel_golem_globe
Zot:3:    layout_concentric_octagons
Zot:4:    layout_concentric_octagons, grunt_megastairs_3, lemuel_elevator
Zot:5:    layout_basic

Skill      XL: |  1  2  3  4  5  6  7  8  9 10 11 12 13 14 15 16 17 18 19 20 21 22 23 24 25 |
---------------+----------------------------------------------------------------------------+-----
Stealth        | 1 2 3 4 5 6 7 8 10 11 | 11.0
Fighting       | 2 3 4 5 6 8 10 11 12 13 14 15 16 18 | 18.5
Long Blades    | 1 2 |  2.6
Hexes          | 1 3 5 6 8 9 10 12 16 18 20 21 | 21.0
Short Blades   | 1 2 3 5 6 8 9 10 11 13 | 13.8
Throwing       | 2 |  2.0
Spellcasting   | 1 2 3 4 5 6 8 10 11 | 11.0
Dodging        | 2 4 5 6 8 10 12 13 14 | 14.5
Invocations    | 2 4 7 8 10 11 12 15 16 17 20 26 27 | 27.0
Summonings     | 4 6 8 9 10 | 10.0
Translocations | 1 3 4 |  4.0
Evocations     | 5 6 12 14 16 | 16.0
Poison Magic   | 3 4 |  4.0
Transmutations | 4 6 8 10 | 10.0
Fire Magic     | 2 |  2.0
Armour         | 3 6 |  6.3
Conjurations   | 4 8 |  8.0

Action                     |  1- 3 |  4- 6 |  7- 9 | 10-12 | 13-15 | 16-18 | 19-21 | 22-24 | 25-27 || total
---------------------------+-------+-------+-------+-------+-------+-------+-------+-------+-------++-------
  Melee: Falchion          |    14 |       |       |       |       |       |       |       |       ||    14
         Short sword       |    40 |    76 |   236 |   250 |   628 |  1197 |   989 |   470 |       ||  3886
         Long sword        |    45 |     5 |       |       |       |       |       |       |       ||    50
         Touch             |       |    13 |    51 |   103 |   276 |   267 |   265 |   291 |    52 ||  1318
         Punch             |       |     2 |     1 |     7 |    18 |    18 |    32 |    26 |     5 ||   109
         Dagger            |       |       |     7 |   202 |   465 |       |       |     3 |       ||   677
         Rapier            |       |       |       |    23 |    94 |       |       |       |       ||   117
         Quick blade       |       |       |       |       |       |       |       |   638 |   183 ||   821
  Throw: Stone             |     8 |       |       |       |       |       |       |       |       ||     8
         Dart              |       |    22 |   103 |   117 |    97 |   102 |    38 |    17 |     8 ||   504
         Boomerang         |       |    13 |     1 |     2 |       |       |       |       |       ||    16
         Throwing net      |       |       |       |       |     3 |       |       |       |       ||     3
   Cast: Call Imp          |       |       |     2 |    45 |     9 |     5 |       |       |       ||    61
         Confusing Touch   |       |       |       |    25 |    96 |    54 |    58 |    48 |       ||   281
         Apportation       |       |       |       |     5 |       |     1 |       |     1 |       ||     7
         Summon Mana Viper |       |       |       |     1 |    56 |    73 |    46 |    53 |     8 ||   237
         Ignite Poison     |       |       |       |       |     7 |     7 |     9 |     4 |     1 ||    28
         Passwall          |       |       |       |       |    15 |    20 |     2 |    23 |     9 ||    69
         Dazzling Flash    |       |       |       |       |       |   163 |    81 |     5 |     2 ||   251
         Irradiate         |       |       |       |       |       |    12 |    18 |    19 |     5 ||    54
         Iskenderun's Myst |       |       |       |       |       |    16 |     3 |     2 |       ||    21
         Yara's Violent Un |       |       |       |       |       |    11 |    43 |    36 |     4 ||    94
         Discord           |       |       |       |       |       |       |     8 |    87 |     5 ||   100
         Enfeeble          |       |       |       |       |       |       |       |   108 |    40 ||   148
         Blink             |       |       |       |       |       |       |       |     4 |       ||     4
 Invoke: Stomp             |       |       |     2 |       |       |     5 |       |       |       ||     7
         Grand Finale      |       |       |       |     1 |       |       |     3 |     1 |       ||     5
         Line Pass         |       |       |       |       |       |     1 |       |       |       ||     1
Ability: Hurl Damnation    |       |       |       |       |       |       |       |       |     6 ||     6
  Evoke: Wand              |     9 |    11 |     2 |       |    25 |    28 |    18 |    30 |    13 ||   136
         Lightning rod     |       |       |       |       |       |    10 |    10 |     8 |       ||    28
         Phial of floods   |       |       |       |       |       |       |     2 |       |       ||     2
    Use: Scroll            |       |     7 |    12 |    12 |    17 |    17 |    13 |    21 |     4 ||   103
         Potion            |       |     2 |     2 |       |     3 |     9 |     6 |    13 |     6 ||    41
   Stab: Sleeping          |     2 |     2 |     2 |     4 |    28 |    38 |    25 |    30 |       ||   131
         Paralysed         |       |       |     6 |    39 |   166 |   199 |   186 |    63 |     9 ||   668
         Distracted        |       |       |       |     1 |     2 |     7 |     2 |     8 |     3 ||    23
         Confused          |       |       |       |     9 |    55 |    34 |    45 |    53 |       ||   196
         Petrified         |       |       |       |       |     3 |       |       |       |       ||     3
         Invisible         |       |       |       |       |       |    66 |    39 |    82 |    30 ||   217
         Betrayed ally     |       |       |       |       |       |       |       |     1 |       ||     1
 Armour: Leather armour    |    28 |       |       |       |       |       |       |       |       ||    28
         Ring mail         |       |    10 |    39 |   100 |   276 |   234 |   122 |   154 |    24 ||   959
         Skin              |       |       |     6 |       |       |       |       |    14 |       ||    20
  Dodge: Dodged            |    49 |    36 |   141 |   258 |   717 |   821 |   542 |   492 |    75 ||  3131
         Repelled          |       |       |       |       |       |    10 |     9 |    24 |     5 ||    48

Table legend: (Time is in decaauts)
 A = Elapsed time spent in this place.
 B = Non-inter-level travel time spent in this place.
 C = Inter-level travel time spent in this place.
 D = Time resting spent in this place.
 E = Time spent auto-exploring this place.
 F = Levels seen in this place.
 G = Mean time per level.
                   A        B        C        D        E       F      G
               +--------+--------+--------+--------+--------+-----+--------+
         Total |  69656 |  61657 |   7999 |   9929 |  29626 |  56 | 1243.9 |
       Dungeon |  16806 |  13600 |   3206 |    418 |   7370 |  15 | 1120.4 |
        Temple |     56 |     56 |      0 |      0 |      0 |   1 |   56.0 |
          Lair |   7404 |   6522 |    882 |    590 |   3489 |   5 | 1480.8 |
        Shoals |   4952 |   4632 |    320 |   1011 |   1295 |   4 | 1238.0 |
   Spider Nest |   5862 |   5384 |    478 |   1429 |   2125 |   4 | 1465.5 |
    Slime Pits |   3200 |   3059 |    141 |    939 |   1031 |   5 |  640.0 |
  Orcish Mines |   2162 |   1629 |    533 |    219 |    910 |   2 | 1081.0 |
   Elven Halls |   4159 |   3748 |    411 |    389 |   2168 |   3 | 1386.3 |
        Vaults |   7220 |   6819 |    401 |    733 |   4298 |   4 | 1805.0 |
        Depths |   6257 |   5535 |    722 |   1155 |   3083 |   4 | 1564.2 |
           Zot |  10090 |   9188 |    902 |   2781 |   3759 |   5 | 2018.0 |
        Bazaar |     89 |     89 |      0 |      0 |     11 |   1 |   89.0 |
        Bailey |    308 |    308 |      0 |      0 |     36 |   1 |  308.0 |
       Volcano |    330 |    330 |      0 |      9 |     46 |   1 |  330.0 |
        Wizlab |    753 |    753 |      0 |    255 |      3 |   1 |  753.0 |
               +--------+--------+--------+--------+--------+-----+--------+

Top non-repeatable levels by time:
   Zot:5: 2665 daAuts
Depths:4: 2290 daAuts
Vaults:2: 2234 daAuts
   Zot:3: 2112 daAuts
   Zot:4: 2045 daAuts
  Lair:5: 1893 daAuts
  Lair:1: 1846 daAuts
    D:11: 1799 daAuts
Vaults:1: 1785 daAuts
Vaults:3: 1770 daAuts
Shoals:4: 1720 daAuts
Depths:3: 1714 daAuts
Spider:2: 1704 daAuts
    D:13: 1701 daAuts
   Zot:2: 1670 daAuts
